 Dungeon Crawl Stone Soup version 0.28.0-43-g3370ac3207 (webtiles) character file.

Game seed: 2122627993291608618

461562 porpoise the Eclecticist (level 25, -4/187 HPs)
             Began as a Djinni Conjurer on Mar 9, 2022.
             Was a High Priest of Ashenzari.
             Slain by a rockslime (29 damage)
             ... created by the Royal Jelly
             ... on level 5 of the Pits of Slime on Mar 15, 2022.
             The game lasted 07:51:27 (60979 turns).

porpoise the Eclecticist (Djinni Conjurer)         Turns: 60979, Time: 07:51:28

Health: -4/187     AC: 14    Str: 12    XL:     25   Next: 71%
Gold:   3593       EV: 23    Int: 37    God:    Ashenzari [*****.] SH: 15 Dex: 17

rFire   + . .      SeeInvis +   a - staff of earth
rCold   + . .      Faith    .   B - +2 kite shield of the Eye in the Sky {reflect, Cun, Self} (curse)
rNeg    + . .      Spirit   .   C - +3 leather armour "Repose of Ashenzari" {rC+, Self, Evo} (curse)
rPois   ∞          Reflect  +   K - +2 hat "Eternal Foul Odours" {Int+3, Range, Self} (curse)
rElec   .          Harm     .   L - +1 cloak "Gnostic Inconvenience" {rF- Int+3 Dex+4, Self, Melee} (curse)
rCorr   .          Rampage  .   G - +0 pair of gloves of Ashenzari's Disgust {Cun, Evo} (curse)
Will    ++...      Clarity  +   (boots unavailable)
Stlth   +++++++...              R - amulet "Abstinence of Ashenzari" {Regen+, Self, Cun} (curse)
HPRegen 1.21/turn               n - +6 ring of intelligence
MPRegen 0.00/turn               J - ring "At What Cost Knowledge?" {rC+ rN+ AC+4, Evo, Self} (curse)

@: on dragon call cooldown, corroded, flying, studying Bows
A: sickness immunity, fire resistance 2, cold vulnerability 1, float, innate
caster, HP casting, extra vitality 1, frail 1
}: 2/15 runes: serpentine, barnacled
a: Renounce Religion, Curse Item, Shatter the Chains


You were on level 5 of the Pits of Slime.
You worshipped Ashenzari.
Ashenzari was extremely pleased with you.
You visited 9 branches of the dungeon, and saw 44 of its levels.
You also visited: Bailey, Ice Cave and Desolation.

You collected 4971 gold pieces.
You spent 1378 gold pieces at shops.

Inventory:

Hand Weapons
 b - the +9 hunting sling of Xom's Anger {vorpal, SInv}
   (You found it in the Desolation of Salt)

   Any ammunition fired from it inflicts extra damage upon your enemies.
   SInv:      It lets you see invisible.
Missiles
 h - 252 sling bullets
 u - 13 curare-tipped darts (quivered)
Armour
 B - the cursed +2 kite shield of the Eye in the Sky (worn) {reflect, Cun, Self}
   (You took it off a vault guard on level 13 of the Dungeon)

   It has a curse which improves the following skills: Cunning: Dodging and
   Stealth.
   Introspection: Fighting and Spellcasting.
 C - the cursed +3 leather armour "Repose of Ashenzari" (worn) {rC+, Self, Evo}
   (You took it off a kobold in a bailey)

   It has a curse which improves the following skills: Introspection: Fighting
   and Spellcasting.
   Evocations: Evocations.
 G - the cursed +0 pair of gloves of Ashenzari's Disgust (worn) {Cun, Evo}
   (You found it on level 4 of the Lair of Beasts)

   It has a curse which improves the following skills: Cunning: Dodging and
   Stealth.
   Evocations: Evocations.
 K - the cursed +2 hat "Eternal Foul Odours" (worn) {Int+3, Range, Self}
   (You took it off Gastronok on level 10 of the Dungeon)

   It has a curse which improves the following skills: Ranged Combat: Slings,
   Bows, Crossbows and Throwing.
   Introspection: Fighting and Spellcasting.
 L - the cursed +1 cloak "Gnostic Inconvenience" (worn) {rF- Int+3 Dex+4, Self, Melee}
   (You acquired it on level 7 of the Dungeon)

   Int:       It affects your intelligence (+3).
   Dex:       It affects your dexterity (+4).
   rF:        It makes you vulnerable to fire.
   It has a curse which improves the following skills: Introspection: Fighting
   and Spellcasting.
   Melee Combat: Short Blades, Long Blades, Axes, Maces & Flails, Polearms,
   Staves and Unarmed Combat.
Magical Staves
 a - a staff of earth (weapon)
 w - a staff of death
Jewellery
 n - a +6 ring of intelligence (left hand)
 D - the ring of Ror Veyf {rPois rN+ rCorr Dex+2}
   (You found it in the Desolation of Salt)

   [ring of positive energy]

   Dex:       It affects your dexterity (+2).
   rPois:     It protects you from poison.
   rN:        It protects you from negative energy.
   rCorr:     It protects you from acid and corrosion.
 J - the cursed ring "At What Cost Knowledge?" (right hand) {rC+ rN+ AC+4, Evo, Self}
   (You took it off a deep elf demonologist on level 3 of the Elven Halls)

   [ring of protection]

   AC:        It affects your AC (+4).
   rC:        It protects you from cold.
   rN:        It protects you from negative energy.
   It has a curse which improves the following skills: Evocations: Evocations.
   Introspection: Fighting and Spellcasting.
 R - the cursed amulet "Abstinence of Ashenzari" (around neck) {Regen+, Self, Cun}
   (You found it on level 9 of the Dungeon)

   [amulet of regeneration]

   Regen:     It increases your rate of health regeneration.
   It has a curse which improves the following skills: Introspection: Fighting
   and Spellcasting.
   Cunning:   Dodging and Stealth.
Wands
 f - a wand of mindburst (6)
 p - a wand of polymorph (24)
 s - a wand of charming (11)
 x - a wand of iceblast (29)
 F - a wand of acid (7)
 M - a wand of digging (15)
 O - a wand of paralysis (40)
Scrolls
 c - 7 scrolls of immolation
 k - 2 scrolls of summoning
 l - 2 scrolls of silence
 o - a scroll of magic mapping
 q - 9 scrolls of teleportation
 v - 5 scrolls of fog
 z - 4 scrolls of vulnerability
 A - 5 scrolls of blinking
 E - a scroll of fear
 H - 2 scrolls of torment
 U - 3 scrolls of holy word
Potions
 d - 6 potions of ambrosia
 e - 14 potions of haste
 i - 7 potions of resistance
 j - 6 potions of cancellation
 m - 5 potions of attraction
 t - 21 potions of curing
 y - 9 potions of lignification
 Q - 3 potions of invisibility
 W - 6 potions of heal wounds
Miscellaneous
 g - a phial of floods
 r - a condenser vane


   Skills:
 - Level 17.9(25.0) Fighting
 - Level 5.7(8.0) Short Blades
 * Level 7.9(11.3) Slings
 - Level 7.4(11.0) Throwing
 - Level 15.5 Armour
 - Level 16.6(21.0) Dodging
 - Level 15.6(20.0) Stealth
 - Level 14.0 Shields
 * Level 18.4(25.4) Spellcasting
 - Level 7.0(11.4) Evocations


You couldn't memorise any spells.
You knew the following spells:

 Your Spells              Type           Power      Damage    Failure   Level
a - Magic Dart            Conj           100%       1d8       0%          1
b - Searing Ray           Conj           100%       2d8       0%          2
c - Fulminant Prism       Conj/Hex       62%        3d27      0%          4
d - Iskenderun's Mystic   Conj/Tloc      100%       2d19      0%          4
e - Iron Shot             Conj/Erth      75%        9d14      0%          6
f - Enfeeble              Hex            62%        N/A       1%          7
g - Gell's Gravitas       Tloc           100%       N/A       0%          3
h - Summon Horrible Thin  Summ           62%        N/A       1%          8
l - Death Channel         Necr           62%        N/A       0%          6
m - Manifold Assault      Tloc           100%       N/A       0%          5
n - Call Canine Familiar  Summ           100%       N/A       0%          3
o - Olgreb's Toxic Radia  Pois           100%       N/A       0%          4
r - Dragon's Call         Summ           62%        N/A       3%          9
s - Static Discharge      Conj/Air       100%       N/A       0%          2
t - Sting                 Tmut/Pois      100%       1d8       0%          1
u - Necromutation         Tmut/Necr      62%        N/A       1%          8
z - Dazzling Flash        Conj/Hex       100%       N/A       0%          3
Your spell library was empty.

Dungeon Overview and Level Annotations

Branches:
Dungeon (15/15)            Temple (1/1) D:7            Lair (6/6) D:10
 Shoals (4/4) Lair:4        Snake (4/4) Lair:4        Slime (5/5) Lair:5
    Orc (2/2) D:10            Elf (3/3) Orc:2        Vaults (4/5) D:13
  Crypt (0/3) Vaults:3     Depths (0/4) D:15         Bailey (visited)
  IceCv (visited)         Desolation (visited)

Altars:
Ashenzari
Cheibriados
Dithmenos
Gozag
Kikubaaqudgha
Sif Muna
Trog
Vehumet
Xom
Yredelemnul
Jiyva

Shops:
Orc:1 *   Orc:2 [*:((   Elf:1 (   Elf:2 *   Elf:3 =:=   Shoals:4 **
Snake:2 =!!=(   Snake:3 =*

Portals:
Trove: D:11 (give +5 demon whip)

Annotations:
D:5 2 transporters, kd29's ghost, novice DrTm
Shoals:3 3 runed translucent doors, Konebred's ghost, adept SpBr
Slime:3 1 exclusion
Slime:4 1 exclusion
Elf:2 1 runed translucent door


Innate Abilities, Weirdness & Mutations

You are immune to sickness and miasma.
You are immune to poison.
Your flesh is very heat resistant. (rF++)
You are vulnerable to cold. (rC-)
You float through the air rather than walking.
You learn spells naturally, not from books.
Your magical power is your life essence.
You have superior vitality. (+4 MHP)
You are frail. (-10% HP)


Message History

Confirm with . or Enter, or press ? or * to list all spells.
You erupt in a blast of force!
The mystic blast hits the quicksilver ooze!
The quicksilver ooze is severely wounded.
* * * LOW HITPOINT WARNING * * *
Your quicksilver dragon bites the azure jelly!
Your quicksilver dragon claws the azure jelly!
The acid blob spits acid at you. The splash of acid hits you!
* * * LOW HITPOINT WARNING * * *
The acid blob spits acid at your shadow dragon.
The splash of acid hits your shadow dragon!!
Your shadow dragon bites the acid blob!
Your shadow dragon seems to be corroded for longer.
Your shadow dragon is burned by acid!
Your shadow dragon claws the acid blob.
Your shadow dragon is burned by acid!
Your shadow dragon claws the acid blob!
Your shadow dragon is burned by acid!
Casting: Iskenderun's Mystic Blast (safe; 0% risk of failure)
Confirm with . or Enter, or press ? or * to list all spells.
You erupt in a blast of force!
The mystic blast hits the slime creature!
The slime creature is heavily wounded.
The slime creature is knocked back by the mystic blast.
The slime creature collides with the azure jelly!
The azure jelly is severely wounded.
The slime creature is severely wounded.
The mystic blast hits the rockslime but does no damage.
The rockslime is lightly wounded.
The mystic blast hits the quicksilver ooze!!
You kill the quicksilver ooze!
That felt strangely unrewarding.
* * * LOW HITPOINT WARNING * * *
The azure jelly jiggles.
Your quicksilver dragon breathes dispelling energy at the azure jelly.
The bolt of dispelling energy hits the azure jelly!!!
The acid blob spits acid at your shadow dragon.
The splash of acid hits your shadow dragon!!
The rockslime hits you!!
You die...

* , ,, ,,, ,
*#.............. ,, *
............... ,,,,*
#.............., * ,
#.............. ,,,*
#...............,,, *
* #..........J..... ,
##............... *,
#.....@.JJ........, **
##.....J........... **
##...JJJ...........**,
#.................#*
##....DDJ...........**
##..................*
#^.#................#
###..................
*#..##...............


You could see 3 acid blobs, 3 azure jellies, a slime creature, a rockslime, a
friendly shadow dragon (summoned, catching breath, corroded) and a friendly
quicksilver dragon (summoned).

Vanquished Creatures
  Vashnia (Snake:3)
  Bai Suzhen (Snake:3)
  Nikola (Snake:3)
  Jorgrun (D:12)
  11 acid blobs
  A lich (Vaults:3)
  4 deep elf master archers (Elf:3)
  6 deep elf blademasters
  Polyphemus (Shoals:2)
  Gastronok (D:10)
  The ghost of Timpihef the Spry, an adept OpAK of Lugonu (Elf:1)
  2 krakens
  2 sphinxes
  Frances (Shoals:2)
  2 tengu reavers
  Agnes (Elf:1)
  Ilsuiw (Shoals:2)
  Roxanne (Shoals:1)
  Donald (Elf:1)
  9 rockslimes
  A nagaraja (Snake:4)
  3 azure jellies
  10 vault wardens
  Aizul (Snake:2)
  6 deep elf sorcerers
  An imperial myrmidon (Desolation)
  5 deep elf elementalists (Elf:3)
  A ghoul (Vaults:3)
  13 ironbound preservers
  8 very ugly things (Vaults:3)
  2 orc warlords
  3 war gargoyles
  4 quicksilver oozes (Slime:5)
  7 ironbound thunderhulks
  4 stone giants
  Nessos (D:15)
  5 deep elf annihilators
  5 deep elf demonologists (Elf:3)
  2 entropy weavers
  Azrael (D:12)
  3 dire elephants (Vaults:1)
  A halazid warlock (Desolation)
  9 deep elf death magi
  Snorg (D:12)
  3 crystal guardians
  9 merfolk javelineers
  A fire dragon (Lair:3)
  An ettin (D:15)
  Josephine (D:13)
  16 merfolk impalers
  6 yaktaur captains
  A deep elf high priest (Elf:1)
  6 great orbs of eyes
  5 ragged hierophants (Desolation)
  Fannar (Lair:3)
  10 hydras
  4 salamander tyrants
  8 servants of whispers (Desolation)
  An ice dragon (D:12)
  10 peacekeepers
  2 catoblepae
  9 boulder beetles
  2 death knights
  10 centaur warriors
  9 vault guards
  14 ironbound frosthearts
  14 naga warriors
  3 ogre magi
  3 alligator snapping turtles
  3 satyrs
  2 merfolk avatars
  14 two-headed ogres
  16 anacondas
  5 merfolk aquamancers
  17 death yaks
  34 dancing weapons
  A tengu warrior (D:14)
  4 orc high priests
  52 slime creatures
  15 naga sharpshooters
  Sonja (Orc:2)
  7 shock serpents
  22 deep elf knights
  5 salamander mystics
  10 sea snakes
  4 skeletal warriors
  49 deep trolls
  11 wizards
  2 glowing orange brains
  12 ironbound convokers
  8 naga ritualists
  28 deep elf archers
  2 bog bodies (IceCv)
  18 harpies
  18 lindwurms
  9 orc knights
  37 deep elf pyromancers
  A phantasmal warrior (Vaults:3)
  31 deep elf zephyrmancers
  11 mana vipers
  4 orc sorcerers
  4 shining eyes
  2 necromancers
  16 manticores
  37 ugly things
  A stone giant zombie (Vaults:2)
  7 cyclopes
  21 salamanders
  An oklob plant (Lair:5)
  An ice statue (IceCv)
  2 moths of wrath (Elf:1)
  12 merfolk sirens
  8 naga magi
  13 guardian serpents
  21 elephants
  4 torpor snails
  A fire giant skeleton (Vaults:2)
  2 eyes of devastation (Slime:5)
  A molten gargoyle (Desolation)
  4 orange demons (D:13)
  36 black mambas
  4 gargoyles
  5 water nymphs
  10 cane toads
  12 vault sentinels
  An elf skeleton (Vaults:2)
  4 rime drakes
  4 efreet
  An unseen horror (D:11)
  2 entropy weaver simulacra (IceCv)
  6 komodo dragons
  2 kobold demonologists (D:10)
  8 yaktaurs
  2 freezing wraiths
  A tengu conjurer (D:15)
  9 trolls
  A meliai (shapeshifter) (D:15)
  A queen bee (D:13)
  6 meliai
  43 merfolk
  6 wind drakes
  9 polar bears
  43 saltlings (Desolation)
  2 hornets (Lair:6)
  4 snapping turtles
  21 blink frogs
  39 dream sheep
  A shadow (D:10)
  An air elemental (Elf:1)
  6 wraiths
  A spriggan (shapeshifter) (D:11)
  10 water elementals
  13 spriggans (Lair:6)
  7 wyverns
  6 basilisks
  51 yaks
  3 fire elementals (D:12)
  Eustachio (D:6)
  12 vampire mosquitoes
  Grum (Lair:1)
  A steam dragon (D:9)
  2 redbacks (Vaults:4)
  A human simulacrum (Vaults:2)
  A death yak simulacrum (IceCv)
  A harpy simulacrum (IceCv)
  56 nagas
  3 wargs
  4 hell hounds (D:12)
  19 water moccasins
  An ice beast (D:5)
  2 floating eyes
  25 orc warriors
  2 black bears (shapeshifter)
  3 necrophages
  4 black bears (Lair:6)
  23 ogres
  35 wolves
  6 boggarts
  15 centaurs
  4 phantoms
  10 kobold brigands
  17 bullfrogs
  A cane toad simulacrum (IceCv)
  8 scorpions
  A wyvern zombie (D:8)
  5 two-headed ogre simulacra (IceCv)
  4 gnoll sergeants
  A water moccasin zombie (D:5)
  4 earth elementals
  3 elephant simulacra (IceCv)
  16 killer bees (D:13)
  5 electric eels
  6 howler monkeys
  A bullfrog zombie (D:5)
  3 centaur zombies
  2 bullfrog skeletons
  3 hounds
  2 gnoll shamans
  2 jellies
  10 orc priests
  Jessica (D:3)
  22 orc wizards
  2 polar bear simulacra (IceCv)
  A spriggan simulacrum (IceCv)
  6 troll simulacra (IceCv)
  A wolf simulacrum (IceCv)
  Robin (D:2)
  A howler monkey zombie (D:7)
  18 gnolls
  5 adders
  5 naga simulacra (IceCv)
  8 white imps
  5 ufetubi (IceCv)
  An adder skeleton (D:4)
  2 worms
  3 dart slugs
  75 orcs
  7 ball pythons
  3 endoplasms
  6 giant cockroaches
  23 goblins
  12 hobgoblins
  2 jackals (D:3)
  19 kobolds
  2 quokkas (D:1)
  7 bats
  3 frilled lizards
  7 rats
  A butterfly (Lair:5)
  2 fulminant prisms
  2 tentacles (Shoals:2)
1866 creatures vanquished.

Vanquished Creatures (collateral kills)
  the Royal Jelly (Slime:5)
  Saint Roka (Vaults:4)
  An acid blob (Slime:5)
  3 azure jellies (Slime:5)
  2 rockslimes (Slime:5)
  2 ironbound preservers
  2 quicksilver oozes (Slime:5)
  3 dire elephants (Vaults:4)
  A great orb of eyes (Slime:5)
  5 deep trolls
  An ironbound convoker (Vaults:1)
  An orc knight (Vaults:4)
  An orc sorcerer (Vaults:4)
  A manticore (Shoals:4)
  A cyclops (Orc:2)
  A merfolk siren (Shoals:4)
  A yaktaur (Vaults:1)
  A komodo dragon (Lair:5)
  3 trolls (Orc:2)
  14 slime creatures
  A snapping turtle (Shoals:2)
  A spriggan (Lair:6)
  2 yaks (Lair:6)
  2 wargs
  A black bear (Lair:6)
  5 orc warriors
  8 ogres
  A wolf (Lair:6)
  4 orc wizards
  4 orcs
75 creatures vanquished.

Vanquished Creatures (others)
  A naga warrior (Snake:4)
  A deep elf knight (Elf:1)
  A manticore (Shoals:1)
  A kobold brigand (Bailey)
  264 fulminant prisms
  65 fungi
  176 plants
  15 tentacles
524 creatures vanquished.

Grand Total: 2465 creatures vanquished

Notes
Turn   | Place    | Note
-------+----------+-------------------------------------------
     0 | D:1      | porpoise the Djinni Conjurer began the quest for the Orb.
     0 | D:1      | Reached XP level 1. HP: 15/15 MP: 0/0
   173 | D:1      | Reached XP level 2. HP: 20/22 MP: 0/0
   204 | D:1      | Reached skill level 1 in Fighting
   660 | D:1      | Reached XP level 3. HP: 22/27 MP: 0/0
   660 | D:1      | Learned a level 1 spell: Sting
   919 | D:2      | Noticed Robin
   922 | D:2      | Killed Robin
   923 | D:2      | Reached XP level 4. HP: 20/33 MP: 0/0
  1650 | D:2      | Found a basalt altar of Yredelemnul.
  1921 | D:2      | Reached skill level 4 in Spellcasting
  2535 | D:2      | Reached XP level 5. HP: 39/40 MP: 0/0
  2535 | D:2      | Learned a level 2 spell: Static Discharge
  2859 | D:3      | Noticed Jessica
  2865 | D:3      | Killed Jessica
  2981 | D:3      | Found a faded altar of an unknown god.
  4004 | D:4      | Noticed a phantom
  4013 | D:4      | Killed a phantom
  4014 | D:4      | Reached XP level 6. HP: 36/47 MP: 0/0
  4502 | D:4      | Noticed a necrophage
  4508 | D:4      | Killed a necrophage
  4509 | D:4      | Reached XP level 7. HP: 42/52 MP: 0/0
  4509 | D:4      | Learned a level 3 spell: Call Canine Familiar
  4976 | D:5      | Entered Level 5 of the Dungeon
  5035 | D:5      | Noticed kd29's ghost (novice DrTm)
  5035 | D:5      | Found a transporter.
  5064 | D:5      | Reached skill level 5 in Spellcasting
  5521 | D:5      | Found a transporter.
  5627 | D:5      | Reached skill level 5 in Fighting
  5869 | D:5      | Reached XP level 8. HP: 55/59 MP: 0/0
  7083 | D:6      | Reached skill level 6 in Spellcasting
  7526 | D:6      | Reached XP level 9. HP: 49/67 MP: 0/0
  7526 | D:6      | Learned a level 3 spell: Gell's Gravitas
  7835 | D:6      | Noticed Eustachio
  7852 | D:6      | Killed Eustachio
  8701 | D:7      | You are sucked into a shaft and drop 3 floors!
  8701 | D:10     | Entered Level 10 of the Dungeon
  8714 | D:10     | Noticed a komodo dragon
  8750 | D:10     | Noticed Gastronok
  8764 | D:10     | Killed a komodo dragon
  9141 | D:9      | Found a flagged portal.
  9150 | Bailey   | Entered a bailey
  9239 | Bailey   | Reached skill level 7 in Spellcasting
  9607 | Bailey   | Noticed an orc knight
  9609 | Bailey   | Reached skill level 5 in Stealth
  9617 | Bailey   | Reached XP level 10. HP: 62/77 MP: 0/0
  9624 | Bailey   | Killed an orc knight
  9836 | Bailey   | Found a burning altar of Makhleb.
 10295 | D:7      | Found a staircase to the Ecumenical Temple.
 10302 | Temple   | Entered the Ecumenical Temple
 10317 | Temple   | Became a worshipper of Ashenzari the Shackled
 10329 | D:7      | Identified a scroll of acquirement
 10329 | D:7      | Acquired the +1 cloak "Irghojoy" {rF- Int+3 Dex+4}
 10811 | D:8      | Noticed a boulder beetle
 10823 | D:8      | Killed a boulder beetle
 10824 | D:8      | Reached skill level 5 in Dodging
 10824 | D:8      | Reached skill level 1 in Evocations
 11045 | D:8      | Noticed a two-headed ogre
 11049 | D:8      | Reached skill level 10 in Fighting
 11049 | D:8      | Noticed a centaur warrior
 11056 | D:8      | Killed a two-headed ogre
 11057 | D:8      | Killed a centaur warrior
 11058 | D:8      | Reached XP level 11. HP: 9/86 MP: 0/0
 11058 | D:8      | Learned a level 4 spell: Olgreb's Toxic Radiance
 12256 | D:9      | Reached skill level 1 in Armour
 12888 | D:9      | Identified the ring "Barelenyme" {Str+2 SInv}
 13483 | D:10     | Found a staircase to the Lair.
 13586 | D:10     | Reached * piety under Ashenzari
 13598 | D:10     | Noticed a two-headed ogre
 13717 | D:10     | Gained mutation: Your muscles are strong. (Str +2) [a
                  | neqoxec]
 13724 | D:10     | Noticed a soul eater
 13855 | D:10     | Killed a two-headed ogre
 13856 | D:10     | Reached skill level 5 in Armour
 13856 | D:10     | Reached skill level 5 in Evocations
 13891 | D:10     | Noticed a red ugly thing
 13902 | D:10     | Killed a red ugly thing
 13970 | D:10     | Killed Gastronok
 13971 | D:10     | Reached XP level 12. HP: 93/98 MP: 0/0
 14206 | D:10     | Found a staircase to the Orcish Mines.
 14416 | Lair:1   | Entered Level 1 of the Lair of Beasts
 14453 | Lair:1   | Noticed an eight-headed hydra
 14478 | D:10     | Killed an eight-headed hydra
 15132 | Lair:1   | Identified the +0 leather armour of the Tick {rC+}
 15229 | Lair:1   | Noticed a six-headed hydra
 15238 | Lair:1   | Killed a six-headed hydra
 15510 | Lair:1   | Noticed Grum
 15517 | Lair:1   | Killed Grum
 15878 | D:11     | Noticed a boulder beetle
 15888 | D:11     | Killed a boulder beetle
 15889 | D:11     | Reached XP level 13. HP: 69/105 MP: 0/0
 15889 | D:11     | Learned a level 5 spell: Manifold Assault
 15916 | D:11     | Reached skill level 8 in Spellcasting
 15939 | D:11     | Noticed a seven-headed hydra
 15947 | D:11     | Killed a seven-headed hydra
 15982 | D:11     | Found a portal to a secret trove of treasure.
 16062 | D:11     | Noticed a boulder beetle
 16118 | D:11     | Killed a boulder beetle
 16284 | D:11     | Noticed a boulder beetle
 16295 | D:11     | Killed a boulder beetle
 16423 | D:11     | Reached ** piety under Ashenzari
 16480 | D:11     | Reached XP level 14. HP: 114/114 MP: 0/0
 16882 | D:12     | Noticed Snorg
 16891 | D:12     | Killed Snorg
 16961 | D:12     | Reached skill level 10 in Dodging
 16987 | D:12     | Found a frozen archway.
 17006 | D:12     | Reached skill level 9 in Spellcasting
 17028 | IceCv    | Entered an ice cave
 17282 | IceCv    | Identified the Collected Works on Intoxication and Black
                  | Magic
 17516 | IceCv    | Reached skill level 1 in Shields
 18299 | D:12     | Noticed Azrael
 18307 | D:12     | Killed Azrael
 18459 | D:12     | Reached *** piety under Ashenzari
 18509 | D:12     | Noticed Jorgrun
 18527 | D:12     | Killed Jorgrun
 19305 | Lair:2   | Reached XP level 15. HP: 118/122 MP: 0/0
 19305 | Lair:2   | Learned a level 6 spell: Iron Shot
 19393 | Lair:2   | Reached skill level 5 in Shields
 19986 | Lair:3   | Noticed Fannar
 20002 | Lair:3   | Killed Fannar
 20499 | Lair:3   | Identified the +6 falchion of Extremism {freeze, rC+ MP+9
                  | Str+3 Dex+3}
 20500 | Lair:3   | Identified the +4 morningstar of Osus {freeze, Fly rPois
                  | rF- Int+6}
 21064 | Lair:4   | Found a staircase to the Snake Pit.
 21180 | Lair:4   | Found a staircase to the Shoals.
 22452 | Lair:5   | Reached skill level 5 in Throwing
 22725 | Lair:5   | Reached XP level 16. HP: 94/130 MP: 0/0
 22989 | Lair:5   | Found a viscous altar of Jiyva.
 22989 | Lair:5   | Found a staircase to the Slime Pits.
 23888 | D:13     | Noticed Josephine
 23897 | D:13     | Killed Josephine
 24384 | D:13     | Found a gate to the Vaults.
 24566 | D:13     | Identified the +1 scale mail of Fyghadgh {rElec rCorr Int+8
                  | Stlth-}
 25218 | D:14     | Reached skill level 10 in Spellcasting
 25251 | D:14     | Found a shadowy altar of Dithmenos.
 25634 | D:14     | Identified the +0 robe of the Trout {rF++ Int+3}
 26076 | D:14     | Reached XP level 17. HP: 117/137 MP: 0/0
 26076 | D:14     | Learned a level 6 spell: Death Channel
 26344 | D:15     | Entered Level 15 of the Dungeon
 26344 | D:15     | Noticed Nessos
 26350 | D:15     | Killed Nessos
 26609 | D:15     | Found a staircase to the Depths.
 26674 | D:15     | Reached **** piety under Ashenzari
 27290 | Orc:1    | Entered Level 1 of the Orcish Mines
 27334 | Orc:1    | Found Faogruso's General Store.
 27446 | Orc:1    | Reached ***** piety under Ashenzari
 28121 | Orc:2    | Entered Level 2 of the Orcish Mines
 28190 | Orc:2    | Noticed Sonja
 28197 | Orc:2    | Killed Sonja
 28374 | Orc:2    | Found a staircase to the Elven Halls.
 28456 | Orc:2    | Reached skill level 10 in Armour
 28571 | Orc:2    | Found Gocae's Antique Weapon Boutique.
 28595 | Orc:2    | Found Aqukaet's Weapon Emporium.
 28600 | Orc:2    | Found Haulauh's Book Shop.
 28601 | Orc:2    | Found Esocupow's General Store.
 28606 | Orc:2    | Found Xamoijoc's Armour Emporium.
 29440 | Lair:6   | Entered Level 6 of the Lair of Beasts
 30132 | Lair:6   | Reached XP level 18. HP: 143/155 MP: 0/0
 30919 | Snake:1  | Entered Level 1 of the Snake Pit
 31351 | Snake:1  | Reached skill level 10 in Shields
 31884 | Snake:2  | Reached skill level 15 in Fighting
 32046 | Snake:2  | Noticed Aizul
 32055 | Snake:2  | Killed Aizul
 32298 | Snake:2  | Found Zareeruh's Antique Weapon Shoppe.
 32783 | Snake:2  | Found Hoziol's Distillery.
 32952 | Snake:2  | Found Quhumnomei's Jewellery Boutique.
 32952 | Snake:2  | Found Noskose's Jewellery Shop.
 32956 | Snake:2  | Found Heipp's Distillery.
 32958 | Snake:2  | Bought a potion of invisibility for 112 gold pieces
 32958 | Snake:2  | Bought a potion of heal wounds for 70 gold pieces
 32958 | Snake:2  | Bought a potion of ambrosia for 112 gold pieces
 32958 | Snake:2  | Bought a potion of ambrosia for 112 gold pieces
 32958 | Snake:2  | Bought a potion of haste for 140 gold pieces
 32958 | Snake:2  | Bought 2 potions of heal wounds for 140 gold pieces
 32972 | Snake:2  | Bought a potion of heal wounds for 95 gold pieces
 32972 | Snake:2  | Bought a potion of heal wounds for 95 gold pieces
 32972 | Snake:2  | Bought a potion of invisibility for 152 gold pieces
 32972 | Snake:2  | Bought a potion of heal wounds for 95 gold pieces
 33440 | Snake:3  | Reached XP level 19. HP: 112/164 MP: 0/0
 33440 | Snake:3  | Learned a level 7 spell: Enfeeble
 33805 | Snake:3  | Noticed Vashnia
 33845 | Snake:3  | Killed Vashnia
 33988 | Snake:3  | Noticed Nikola
 33994 | Snake:3  | Noticed Bai Suzhen
 34004 | Snake:3  | Killed Bai Suzhen
 34012 | Snake:3  | Killed Nikola
 34168 | Snake:3  | Found Veicel's Mass Market.
 34239 | Snake:3  | Found Ifrull's Jewellery Emporium.
 34946 | Snake:4  | Entered Level 4 of the Snake Pit
 35122 | Snake:4  | Reached skill level 11 in Spellcasting
 35312 | Snake:4  | Reached skill level 15 in Dodging
 36230 | Snake:4  | Reached XP level 20. HP: 118/173 MP: 0/0
 36292 | Snake:4  | Got a serpentine rune of Zot
 36847 | Shoals:1 | Entered Level 1 of the Shoals
 37300 | Shoals:1 | Noticed Roxanne
 37420 | Shoals:1 | Killed Roxanne
 37421 | Shoals:1 | Reached skill level 12 in Spellcasting
 37903 | Shoals:2 | Noticed Polyphemus
 37910 | Shoals:2 | Killed Polyphemus
 38142 | Shoals:2 | Noticed Ilsuiw
 38151 | Shoals:2 | Killed Ilsuiw
 39116 | Shoals:2 | Reached skill level 10 in Stealth
 39572 | Shoals:2 | Noticed Frances
 39828 | Shoals:2 | Killed Frances
 40645 | Shoals:3 | Identified the +9 falchion of the Protecting Jester {elec,
                  | rF+ Int+3}
 40781 | Shoals:3 | Found a runed translucent gate.
 40781 | Shoals:3 | Found a runed translucent gate.
 40781 | Shoals:3 | Found a runed translucent gate.
 41070 | Shoals:3 | Noticed Konebred's ghost (adept SpBr)
 41076 | Shoals:3 | Identified the +2 cloak of Teaz {rF+}
 41076 | Shoals:3 | Identified the +0 pair of gloves "Bienn" {+Inv rCorr Str-5
                  | Int+2}
 41239 | Shoals:4 | Entered Level 4 of the Shoals
 41636 | Shoals:4 | Found Eginieha's General Store.
 41647 | Shoals:4 | Bought a wand of mindburst (6) for 170 gold pieces
 41647 | Shoals:4 | Bought a potion of heal wounds for 85 gold pieces
 41848 | Shoals:4 | Reached XP level 21. HP: 175/180 MP: 0/0
 41848 | Shoals:4 | Learned a level 8 spell: Summon Horrible Things
 42031 | Shoals:4 | Got a barnacled rune of Zot
 42877 | Shoals:4 | Identified the +2 scale mail "Ymnufior" {rN+ rCorr Str-4
                  | Int+5}
 42943 | Shoals:4 | Found Don Opp's Overcharged Wands.
 43463 | Vaults:1 | Entered Level 1 of the Vaults
 43930 | Vaults:1 | Reached skill level 13 in Spellcasting
 45582 | Vaults:2 | Reached skill level 14 in Spellcasting
 45648 | Vaults:2 | Reached XP level 22. HP: 179/189 MP: 0/0
 46831 | Vaults:3 | Found a staircase to the Crypt.
 47254 | Vaults:3 | Identified the +9 quarterstaff "Sogiex" {vorpal, rElec rC+
                  | Dex+3}
 48453 | Elf:1    | Entered Level 1 of the Elven Halls
 48461 | Elf:1    | Reached XP level 23. HP: 192/195 MP: 0/0
 48461 | Elf:1    | Learned a level 8 spell: Necromutation
 48821 | Elf:1    | Reached skill level 15 in Spellcasting
 48940 | Elf:1    | Reached skill level 15 in Stealth
 49186 | Elf:1    | Found Duituisk's Antique Weapon Emporium.
 49625 | Elf:1    | Identified Esiocoz's Reference Book on Arcane Weapons
 49743 | Elf:1    | Noticed Donald
 49746 | Elf:1    | Killed Donald
 49774 | Elf:1    | Noticed Agnes
 49780 | Elf:1    | Killed Agnes
 49839 | Elf:1    | Found a bloodstained altar of Trog.
 49869 | Elf:1    | Noticed Timpihef's ghost (adept OpAK)
 49949 | Elf:1    | Found a transporter.
 49999 | Elf:1    | Found a transporter.
 50214 | Elf:1    | Killed Timpihef's ghost
 50540 | Elf:2    | Found Coroykoa's General Store.
 51246 | Elf:2    | Reached skill level 1 in Short Blades
 51357 | Elf:2    | Found a runed translucent door.
 51382 | Elf:2    | Found a runed translucent door.
 51528 | Elf:2    | Reached skill level 15 in Armour
 51656 | Elf:2    | Reached skill level 16 in Spellcasting
 52060 | Elf:2    | Reached XP level 24. HP: 197/202 MP: 0/0
 52121 | Elf:3    | Entered Level 3 of the Elven Halls
 52187 | Elf:3    | Identified the +7 chain mail of Fortification {Contam
                  | Rampage rF+}
 52470 | Elf:3    | Found Ifargh's Jewellery Shop.
 52470 | Elf:3    | Found Oqiok's Book Shoppe.
 52471 | Elf:3    | Found Nuom Meq's Jewellery Shop.
 52750 | Elf:3    | Reached skill level 5 in Short Blades
 52991 | Elf:3    | Identified the +9 battleaxe of Might {speed, *Slow rF+
                  | Int+3}
 52991 | Elf:3    | Identified the +2 leather armour of Neuzxa {Rampage rF+++
                  | Slay-2 Stlth-}
 53022 | Elf:3    | Identified the ring of Rolaopre {rC+ rN+ AC+4}
 53178 | Elf:3    | Identified the ring of Spontaneous Combustion {MP+9 Str+7}
 53546 | Elf:3    | Identified the amulet "Goynk" {Spirit Regen+ MP+9 Slay-4}
 53557 | Elf:3    | Identified the amulet of Renefero {Reflect +Inv rC- Int+4
                  | SH+5}
 53648 | Elf:3    | Identified the Disquisition on Air
 53656 | Elf:3    | Identified Zixzygemp's Wizardry Continued
 53656 | Elf:3    | Identified the +0 long sword "Ollu" {drain, rF+ rN+ Str-2
                  | Dex+6}
 53664 | Elf:3    | Identified Uthyigui's Handbook of Dusty Fire
 53664 | Elf:3    | Found the +12 glaive of Prune {vorpal}
 53669 | Elf:3    | Found the +0 staff of Battle
 55201 | Vaults:4 | Found a crumbling gateway.
 55205 | Desolati | Entered the Desolation of Salt
 55497 | Desolati | Identified the +5 scimitar of Zusasau {flame, Str+2}
 55844 | Desolati | Reached skill level 17 in Spellcasting
 55887 | Desolati | Identified the +1 scale mail "Joik" {rN+ Int+2}
 55887 | Desolati | Identified the ring of Ror Veyf {rPois rN+ rCorr Dex+2}
 56143 | Desolati | Identified the +0 robe "Berobbon" {Str+6}
 56174 | Desolati | Identified the +2 scale mail of the Moon Troll {Dex+4}
 56174 | Desolati | Identified the +9 hunting sling of Xom's Anger {vorpal,
                  | SInv}
 56463 | Desolati | Identified the ring "Udubee Sefi" {Fire Int+3}
 56466 | Desolati | Identified the +6 war axe of Extermination {venom, rCorr
                  | Int+7}
 56467 | Desolati | Identified the +9 hand crossbow "Daysodot" {penet, rPois
                  | rC- Stlth+}
 56790 | Vaults:4 | Reached XP level 25. HP: 184/208 MP: 0/0
 56790 | Vaults:4 | Learned a level 9 spell: Dragon's Call
 57773 | Vaults:4 | Noticed Saint Roka
 57778 | Vaults:4 | Killed Saint Roka
 57779 | Vaults:4 | Reached skill level 5 in Slings
 58860 | Slime:1  | Entered Level 1 of the Pits of Slime
 59795 | Slime:4  | Reached skill level 18 in Spellcasting
 59935 | Slime:4  | Gained mutation: You are occasionally teleported next to
                  | monsters. [a shining eye]
 59936 | Slime:5  | Entered Level 5 of the Pits of Slime
 59939 | Slime:5  | Gained mutation: Your body sometimes deteriorates upon
                  | taking damage. [a shining eye]
 59956 | Slime:4  | Gained mutation: You tend to lose your temper in combat. [a
                  | shining eye]
 60352 | Lair:6   | Lost mutation: You are occasionally teleported next to
                  | monsters. [potion of mutation]
 60352 | Lair:6   | Lost mutation: Your body sometimes deteriorates upon taking
                  | damage. [potion of mutation]
 60352 | Lair:6   | Lost mutation: You tend to lose your temper in combat.
                  | [potion of mutation]
 60352 | Lair:6   | Gained mutation: You do not regenerate when monsters are
                  | visible. [potion of mutation]
 60352 | Lair:6   | Gained mutation: Your muscles are very strong. (Str +4)
                  | [potion of mutation]
 60477 | Lair:1   | Lost mutation: You do not regenerate when monsters are
                  | visible. [potion of mutation]
 60477 | Lair:1   | Lost mutation: Your muscles are very strong. (Str +4)
                  | [potion of mutation]
 60477 | Lair:1   | Lost mutation: Your muscles are strong. (Str +2) [potion of
                  | mutation]
 60477 | Lair:1   | Gained mutation: You are frail. (-10% HP) [potion of
                  | mutation]
 60957 | Slime:5  | Noticed the Royal Jelly
 60966 | Slime:5  | Killed the Royal Jelly
 60979 | Slime:5  | Slain by a rockslime

Illustrated notes

Levels and vault maps discovered:
D:1:      ncdulo_smallfort, layout_rooms
D:2:      layout_basic, basic_altar, uniq_robin
D:3:      layout_basic, ebering_ecumenical_altar_mist,
          nicolae_elevator_lobby_plus, uniq_jessica
D:4:      layout_cave_pools, nicolae_figureground_pulse
D:5:      layout_basic, gammafunk_ghost_stat_death, kennysheep_big_empty_room,
          eino_small_chamber_without_monster, corexii_checkpoint_b
D:6:      corexii_shack_village, layout_loops_ring, amcnicky_altar_gilded,
          uniq_eustachio
D:7:      layout_loops_cross, temple_green, kennysheep_generic_room_10
D:8:      layout_basic, minmay_microvault
D:9:      layout_gridville, enter_bailey_3, onia_ninara_cookie
D:10:     layout_irregular_city, lair_entry_dummy,
          kennysheep_orc_monster_closet_entryway, uniq_gastronok
D:11:     layout_basic, enter_trove_2, kennysheep_minor_cross
D:12:     layout_basic, portal_ice_cave_entry_animals_and_master, uniq_jorgrun,
          uniq_azrael, uniq_snorg
D:13:     layout_loops_ring, lightli_vaults_fourway_checkpoint, special_room
          [special_room_bee], einodemon_barbed_minivault, uniq_josephine
D:14:     layout_long_grid, chequers_serial_rivers_small_a,
          nicolae_dithmenos_through_a_glass_darkly
D:15:     hangedman_depths_entry_civil_slaughter, layout_cave_pools,
          columned_hall_lemuel, grunt_ministairs_1, uniq_nessos
Temple:   minmay_crystal_snake_temple
Lair:1:   layout_layer_cave, fungi_pond_lemuel, nzn_random_ring, uniq_grum
Lair:2:   layout_gridlike, lemuel_centaur_altar
Lair:3:   dragon1_lemuel, layout_loops_ring, uniq_fannar
Lair:4:   layout_regular_city, minmay_shoals_entry_lonely_mermaid, st_stairs_8,
          grunt_megastairs_4
Lair:5:   layout_loops_ring, dpeg_slime_entry_enclosed_altar,
          minmay_lair_oklob_bushes, beast_lair_carwin_11, lemuel_fruit_fields
Lair:6:   minmay_lair_end_enchanted_forest, layout_cave_pods, serial_bayou,
          serial_bayou_pond_a, serial_bayou_pond_e, serial_bayou_pond_b,
          serial_bayou_lagoon_a, st_stairs_3, nicolae_lair_grove_arrangements,
          lemuel_fruit_tree
Shoals:1: layout_shoals, uniq_roxanne
Shoals:2: layout_shoals, st_sunken_temple, uniq_ilsuiw, uniq_polyphemus,
          uniq_frances
Shoals:3: layout_shoals, gammafunk_ghost_tricky_traps
Shoals:4: shoals_end_hangedman, layout_shoals, serial_shops, shop,
          nicolae_shoals_land_atoll, nicolae_shop_overcharged_wands
Snake:1:  layout_onion_interference
Snake:2:  layout_rooms, serial_shops, nicolae_shop_hallway_plus,
          serial_bayou_shore_a, minmay_shoptagon, uniq_aizul
Snake:3:  layout_chambers, serial_shops, shop_statue, minmay_shop_mass,
          grunt_megastairs_3, uniq_nikola, uniq_vashnia, uniq_bai_suzhen
Snake:4:  snake_pit_salamanders_mu, layout_cave_town
Slime:1:  layout_caves
Slime:2:  layout_caves
Slime:3:  layout_caves
Slime:4:  cheibrodos_slime_lost_civilization_2, layout_caves
Slime:5
Orc:1:    layout_diamond_mine, serial_shops, nicolae_shop_stone
Orc:2:    st_orc_open, layout_diamond_mine, serial_shops, shop, uniq_sonja
Elf:1:    elf_arrival_001, layout_geoelf_octagon,
          gammafunk_ghost_wrathful_warriors, serial_shops,
          nicolae_shop_waterfront, minmay_elf_annihilation,
          lemuel_upstairs_altar, uniq_agnes, uniq_donald
Elf:2:    nicolae_elf_blades_splatter_lattice
          [nicolae_blade_entry_splitting_headache], layout_geoelf_octagon,
          serial_shops, nicolae_shop_stone
Elf:3:    minmay_elf_hall_circle, layout_loops_cross, basic_altar,
          minmay_shop_grove
Vaults:1: nicolae_vaults_circle_grid_b, nicolae_vaults_shelves_hall,
          vaults_mumra_bighexcomb, grunt_vaults_focal, vaults_room_pools,
          layout_vaults_omnigrid
Vaults:2: v_pattern_4, ontoclasm_vaults_shuriken, vaults_mumra_chevron_long,
          v_misc_8, hangedman_vaults_pinch, vaults_room_grid, vaults_mumra_hex,
          nicolae_vaults_halls_meeting, layout_vaults_big_room
Vaults:3: dpeg_vaults_monster_box, vaults_dpeg_ring,
          nicolae_vaults_border_crossing, v_misc_9, ontoclasm_vaults_ligature,
          nicolae_vaults_network_star, minmay_crypt_entry_simple_walls,
          nicolae_vaults_diagonal_hallway_9, nicolae_vaults_rhombus_6,
          grunt_vaults_hallway_long, v_misc_27, v_pattern_5, v_misc_16,
          nicolae_vaults_bisected_slash, st_cross, layout_vaults_omnibox
Vaults:4: portal_desolation_entry_nicolae_forbidding_blocks,
          ontoclasm_vaults_idyll, hangedman_vaults_stagger, vaults_room_pools,
          ontoclasm_vaults_loading_screen, ontoclasm_vaults_idyll, v_misc_24,
          layout_vaults_omnicross, serial_shops, bzr_entry_customers,
          uniq_saint_roka

Skill      XL: |  1  2  3  4  5  6  7  8  9 10 11 12 13 14 15 16 17 18 19 20 21 22 23 24 25 |
---------------+----------------------------------------------------------------------------+-----
Fighting       | 1 2 3 4 5 6 8 10 11 12 13 14 15 16 17 | 17.9
Spellcasting   | 4 5 6 7 8 9 10 11 12 14 16 17 18 | 18.4
Stealth        | 2 3 5 6 7 8 9 10 11 14 15 | 15.6
Dodging        | 3 6 7 8 9 11 12 13 14 15 16 | 16.6
Evocations     | 2 5 6 7 |  7.0
Armour         | 5 7 8 9 11 12 14 15 | 15.5
Slings         | 2 4 7 |  7.9
Throwing       | 4 5 7 |  7.4
Shields        | 4 7 9 11 12 14 | 14.0
Short Blades   | 3 5 |  5.7

Action                   |  1- 3 |  4- 6 |  7- 9 | 10-12 | 13-15 | 16-18 | 19-21 | 22-24 | 25-27 || total
-------------------------+-------+-------+-------+-------+-------+-------+-------+-------+-------++-------
Melee: Dagger            |       |       |       |     3 |       |       |       |       |       ||     3
       Whip              |       |       |       |       |       |     5 |       |       |       ||     5
       Hunting sling     |       |       |       |       |       |       |     3 |       |       ||     3
       Staff             |       |       |       |       |       |       |       |     3 |     3 ||     6
 Fire: Hunting sling     |       |    34 |    69 |    69 |    81 |   245 |   108 |    17 |       ||   623
       Fustibalus        |       |       |       |       |       |       |     7 |    71 |       ||    78
Throw: Dart              |       |       |       |     7 |     5 |     7 |       |       |       ||    19
 Cast: Magic Dart        |    37 |    20 |     1 |       |       |       |       |       |     1 ||    59
       Searing Ray       |     4 |    30 |    59 |    77 |   120 |    88 |    11 |     8 |       ||   397
       Fulminant Prism   |       |     1 |    10 |    36 |    56 |    76 |    35 |    47 |     5 ||   266
       Iskenderun's Myst |       |       |    11 |    31 |   122 |    90 |   105 |   138 |    17 ||   514
       Call Canine Famil |       |       |     1 |     2 |     1 |     4 |     1 |       |       ||     9
       Static Discharge  |       |       |       |     9 |    13 |     2 |     1 |     1 |       ||    26
       Gell's Gravitas   |       |       |       |     6 |       |    33 |    59 |    14 |     1 ||   113
       Olgreb's Toxic Ra |       |       |       |    13 |    27 |    34 |    54 |    57 |     3 ||   188
       Iron Shot         |       |       |       |       |    23 |   244 |   404 |   361 |   137 ||  1169
       Death Channel     |       |       |       |       |       |     6 |     3 |     1 |       ||    10
       Manifold Assault  |       |       |       |       |       |     3 |       |       |       ||     3
       Enfeeble          |       |       |       |       |       |       |     7 |     3 |       ||    10
       Dazzling Flash    |       |       |       |       |       |       |     1 |       |       ||     1
       Summon Horrible T |       |       |       |       |       |       |     2 |     2 |     1 ||     5
       Dragon's Call     |       |       |       |       |       |       |       |       |     2 ||     2
Invok: Curse Item        |       |       |       |     2 |     3 |     3 |       |     1 |       ||     9
       Shatter the Chain |       |       |       |       |       |     1 |       |     1 |       ||     2
Evoke: Wand              |       |       |       |     1 |     6 |    13 |       |     2 |       ||    22
       Condenser vane    |       |       |       |       |       |       |       |     1 |       ||     1
  Use: Scroll            |       |     6 |    16 |     5 |       |     1 |    10 |     3 |     1 ||    42
       Potion            |       |       |     1 |       |     2 |     1 |     3 |     2 |     2 ||    11
 Stab: Sleeping          |       |       |       |     2 |       |       |       |       |       ||     2
       Distracted        |       |       |       |       |       |       |       |       |     1 ||     1
Armor: Robe              |     2 |     5 |     9 |       |       |       |       |       |       ||    16
       Leather armour    |       |       |       |    29 |    46 |    46 |    26 |    20 |     3 ||   170
Dodge: Dodged            |     3 |    20 |    66 |    78 |   129 |   168 |   138 |   109 |    29 ||   740
Block: Other             |       |       |    13 |     8 |       |       |       |       |       ||    21
       Reflection        |       |       |     7 |     1 |       |    33 |    48 |    46 |     2 ||   137
       Buckler           |       |       |       |       |    38 |    13 |       |       |       ||    51
       Kite shield       |       |       |       |       |       |   132 |   132 |    96 |    22 ||   382
